 Dungeon Crawl Stone Soup version 0.30-a0-29-g142975f185 (webtiles) character file.

Game seed: 8651949734809822836

3367 kae the Firebug (level 9, 0/74 HPs)
             Began as a Demigod Fire Elementalist on Aug 25, 2022.
             Slain by a two-headed ogre
             ... wielding a +0 giant club
              (29 damage)
             ... on level 8 of the Dungeon.
             The game lasted 00:06:56 (10628 turns).

kae the Firebug (Demigod Fire Elementalist)        Turns: 10628, Time: 00:06:57

Health: 0/74       AC:  4    Str:  9    XL:     9   Next: 45%
Magic:  10/20      EV: 12    Int: 29    God:
Gold:   447        SH:  0    Dex: 14    Spells: 5/18 levels left

rFire   . . .      SeeInvis +    b - +2 short sword (protect)
rCold   . . .      Faith    .    (no shield)
rNeg    . . .      Spirit   .    a - +1 robe
rPois   +          Reflect  .    (no helmet)
rElec   .          Harm     .    g - +0 cloak {rPois}
rCorr   .          Rampage  .    (no gloves)
Will    .....                    (no boots)
Stlth   ++........               (no amulet)
HPRegen 0.22/turn                v - ring of see invisible
MPRegen 0.17/turn                (no ring)

@: no status effects
A: high MP 1, forlorn, divine attributes
a: no special abilities


You were on level 8 of the Dungeon.
You visited 1 branch of the dungeon, and saw 8 of its levels.

You collected 447 gold pieces.


Innate Abilities, Weirdness & Mutations

You have an increased reservoir of magic. (+10% MP)
You shall have no god before yourself.
Your divine heritage dramatically boosts your attributes as you level up.


   Skills:
 + Level 5.0 Fighting
 - Level 1.7 Dodging
 - Level 1.7 Stealth
 + Level 5.0 Spellcasting
 * Level 7.3 Conjurations
 * Level 7.8 Fire Magic


You had 5 spell levels left.
You knew the following spells:

 Your Spells              Type           Power      Damage    Failure   Level
a - Foxfire               Conj/Fire      100%       2x1d9     1%          1
b - Scorch                Fire           100%       2d10      1%          2
c - Conjure Flame         Conj/Fire      51%        6-21      1%          3
d - Inner Flame           Hex/Fire       30%        N/A       3%          3
e - Flame Wave            Conj/Fire      51%        2d13      2%          4

Your spell library contained the following spells:

 Spells                   Type           Power      Damage    Failure   Level
 Stone Arrow              Conj/Erth      56%        3d10      4%          3
 Sandblast                Erth           14%        2d6       6%          1
 Ensorcelled Hibernation  Hex/Ice        14%        N/A       10%         2
 Passwall                 Tmut/Erth      5%         N/A       10%         2
 Sublimation of Blood     Necr           7%         N/A       10%         2
 Wereblood                Tmut           7%         N/A       10%         2
 Swiftness                Air            7%         N/A       19%         3
 Summon Hydra             Summ           3%         N/A       100%        7

Inventory:

Hand Weapons
 b - a +2 short sword of protection (weapon)
   (You took it off Terence on level 2 of the Dungeon)
Missiles
 c - 11 poisoned darts
 e - 62 stones
 o - 5 silver javelins
 p - a curare-tipped dart {=f}
 w - 6 boomerangs
Armour
 a - a +1 robe (worn)
 g - a +0 cloak of poison resistance (worn)
   (You acquired it on level 4 of the Dungeon)
 k - a +4 chain mail of fire resistance
   (You took it off Terence on level 2 of the Dungeon)
Magical Staves
 i - a staff of conjuration {!a}
   (You found it on level 2 of the Dungeon)
Jewellery
 v - a ring of see invisible (left hand)
   (You took it off an orc on level 4 of the Dungeon)
Wands
 h - a wand of mindburst (24)
   (You found it on level 4 of the Dungeon)
 j - a wand of digging (5)
   (You found it on level 5 of the Dungeon)
 n - a wand of iceblast (8)
   (You found it on level 5 of the Dungeon)
Scrolls
 d - 6 scrolls of identify {@r1}
 f - 5 scrolls of teleportation {@r4}
 l - a scroll of butterflies
 m - 2 scrolls of enchant armour
 x - a scroll of blinking {!r}
 z - a scroll of fear
Potions
 q - 2 potions of berserk rage {!q}
 r - a potion of degeneration {!q}
 s - 3 potions of might
 t - a potion of magic
 u - 4 potions of curing {@q1}
 A - a potion of lignification {!q}

Dungeon Overview and Level Annotations

Branches:
Dungeon (8/15) Zot: 26971  Temple (0/1) D:6
   Lair: D:8-11

Shops:
D:3 =   D:4 =

Annotations:
D:5 3 runed translucent doors, RNPValinor's ghost, novice PaFi

### ### #.# #.#
#.# #.#
###.####.# ###
#........# ..
#.#.####@##.#####
#.#....#O#(......
#.#.#..#.#......#
#.#<...#......#
#.####.###>......
#.# ... .#..#.#
#.# .##### .# #.#
# .. .#


You could see a two-headed ogre.


Message History

Confirm with . or Enter, or press ? or * to list all spells.
You conjure some foxfire!
The white imp gestures at you.
The puff of frost hits you. 😕 HP[-6] MP[-1]
You take 6 damage, and now have 68/74 hp.
You lost 1 mp, and now have 19/20 mp.
Casting: Foxfire (safe; 1% risk of failure)
Confirm with . or Enter, or press ? or * to list all spells.
You conjure some foxfire!
The foxfire hits the white imp!
The white imp is burned terribly!
The foxfire hits the white imp!
The white imp is burned terribly!
You kill the white imp! 😕 HP[+1] MP[-1]
You lost 1 mp, and now have 18/20 mp.
There is an open door here.
Key pressed, stopping explore.
Casting: Foxfire (safe; 1% risk of failure)
Confirm with . or Enter, or press ? or * to list all spells.
You conjure some foxfire! 😎 HP[+5] MP[+1]
Your hp is fully restored (74).
There is an open door here.
There is a stone staircase leading down here.
There is a stone staircase leading down here.
There is an escape hatch in the floor here.
Key pressed, stopping explore.
You open the large door.
There is a large open door here.
Done exploring. 😎 MP[+1]
Your mp is fully restored (20).
Done exploring.
Done exploring.
Done exploring.
As you read the scroll labelled XUSSYUGIBB, it crumbles to dust.
Wisps of shadow whirl around you...
It was a scroll of summoning.
Unknown command.
You don't have any unidentified items.
(D) Dungeon (T) Temple
Where to? (Enter - D:7 @ (x,y), ? - help)
You swap places.
There is a large open door here.
There is an escape hatch in the floor here.
Your howler monkey dissolves into shadows! x2
Your hound dissolves into shadows!
There is a stone staircase leading down here.
You climb downwards.
Your summoned ally is left behind.
There is a stone staircase leading up here.
Okay, then.
Found a stone staircase leading down.
A sky beast comes into view.
A sky beast is nearby!
A sky beast is nearby!
Casting: Foxfire (safe; 1% risk of failure)
Confirm with . or Enter, or press ? or * to list all spells.
You conjure some foxfire!
The foxfire hits the sky beast. x2 😎 MP[-1]
You lost 1 mp, and now have 19/20 mp.
Casting: Foxfire (safe; 1% risk of failure)
Confirm with . or Enter, or press ? or * to list all spells.
Flames lash the sky beast.
The sky beast's fire resistance burns away.
You hear a shout!
A two-headed ogre comes into view.
It is wielding two +0 giant clubs. 😎 MP[-2]
You lost 2 mp, and now have 17/20 mp.
Casting: Scorch (safe; 1% risk of failure)
Confirm with . or Enter, or press ? or * to list all spells.
Flames lash the sky beast.
The sky beast is burned terribly!
You kill the sky beast!
Your Spellcasting skill increases to level 5!
The two-headed ogre hits you with a +0 giant club!
The two-headed ogre hits you with a +0 giant club!! 😮 HP[-25] MP[-1]
You take 25 damage, and now have 49/74 hp.
MASSIVE DAMAGE!! (PAUSE)
You lost 1 mp, and now have 16/20 mp.
Unknown command.
Casting: Scorch (safe; 1% risk of failure)
Confirm with . or Enter, or press ? or * to list all spells.
The fire begins to smoulder! 😮 HP[+1] MP[-3]
You lost 3 mp, and now have 13/20 mp.
Casting: Conjure Flame (safe; 1% risk of failure)
Confirm with . or Enter, or press ? or * to list all spells.
The fire ignites!
You are engulfed in blazing flames.
* * * LOW HITPOINT WARNING * * *
The two-headed ogre barely misses you.
The two-headed ogre hits you with a +0 giant club.
* * * LOW HITPOINT WARNING * * *
😨 HP[-21] MP[-3]
You take 21 damage, and now have 29/74 hp.
MASSIVE DAMAGE!! (PAUSE)
You lost 3 mp, and now have 10/20 mp.
Unknown command.
The two-headed ogre attacks as you move away!
The two-headed ogre hits you with a +0 giant club!!
You die...

Skill      XL: |  1  2  3  4  5  6  7  8  9 |
---------------+----------------------------+-----
Conjurations   | 1 2 3 4 5 6 7 |  7.3
Fire Magic     | 3 4 6 7 |  7.8
Spellcasting   | 2 3 4 5 |  5.0
Fighting       | 1 2 3 4 5 |  5.0
Dodging        | |  1.7
Stealth        | |  1.7

Action                   |  1- 3 |  4- 6 |  7- 9 || total
-------------------------+-------+-------+-------++-------
Melee: Unarmed           |    26 |       |       ||    26
       Short sword       |       |    15 |     9 ||    24
       Punch             |       |       |     1 ||     1
 Cast: Foxfire           |    76 |    70 |    78 ||   224
       Scorch            |    10 |    32 |    68 ||   110
       Inner Flame       |       |       |     7 ||     7
       Conjure Flame     |       |       |     9 ||     9
Evoke: Wand              |       |       |     3 ||     3
  Use: Potion            |     4 |     1 |     2 ||     7
       Scroll            |       |    11 |     4 ||    15
Armor: Robe              |     4 |    14 |    17 ||    35
       Skin              |    32 |       |       ||    32
Dodge: Dodged            |     8 |    58 |    57 ||   123

Levels and vault maps discovered:
D:1:      wheals_arrival_shading, layout_basic,
          hellmonk_ecumenical_altar_heavens_door, hex_large
D:2:      layout_basic, minmay_misc_feat_hallway, uniq_terence
D:3:      layout_loops_ring, serial_shops,
          nicolae_shop_temple_entry_statues_fountains
D:4:      layout_basic, mainiacjoe_overflow_cross_hatched,
          nicolae_shop_unique_rings, kennysheep_generic_room_16
D:5:      layout_basic, ebering_ghost_gozag
D:6:      layout_basic, nicolae_hepliaklqana_hippocampus, elyvilon_altar_5,
          kennysheep_mini_moat, minmay_temple_entry_hall, uniq_prince_ribbit1,
          uniq_maggie, uniq_pikel
D:7:      layout_rooms, hangedman_ru_absence, kiku_gazebo_pond_becter,
          kennysheep_cross_room
D:8:      layout_basic, grunt_temple_overflow_open, serial_bayou,
          serial_bayou_lagoon_b, serial_bayou_pond_b, serial_bayou_lagoon_a,
          serial_bayou_ford_a

Notes
Turn   | Place    | Note
-------+----------+-------------------------------------------
     0 | D:1      | kae the Demigod Fire Elementalist began the quest for the
                  | Orb.
     0 | D:1      | Reached XP level 1. HP: 14/14 MP: 5/5
     0 | D:1      | magus.rc [v1.11.3]
   105 | D:1      | Reached skill level 1 in Conjurations
   469 | D:1      | Reached XP level 2. HP: 22/22 MP: 1/7
   548 | D:1      | Reached skill level 3 in Fire Magic
   595 | D:1      | Learned a level 2 spell: Scorch
   714 | D:1      | Reached skill level 2 in Spellcasting
  1644 | D:2      | Reached XP level 3. HP: 27/27 MP: 5/8
  1648 | D:2      | Learned a level 3 spell: Conjure Flame
  1654 | D:2      | Reached skill level 1 in Fighting
  1665 | D:2      | Reached skill level 2 in Conjurations
  2062 | D:2      | Noticed Terence
  2086 | D:2      | HP: 9/42 [Terence/+2 short sword of protection (4)]
  2090 | D:2      | HP: 3/42 [Terence/+2 short sword of protection (3)]
  2107 | D:2      | HP: 5/42 [Terence/+2 short sword of protection (6)]
  2110 | D:2      | HP: 2/42 [Terence/+2 short sword of protection (4)]
  2116 | D:2      | Killed Terence
  2117 | D:2      | Reached XP level 4. HP: 3/35 MP: 0/10
  2445 | D:2      | You pick up a book of Burglary and begin reading...
  2445 | D:2      | You add the spells Passwall, Ensorcelled Hibernation and
                  | Swiftness to your library.
  2833 | D:3      | Found Nezienez's Jewellery Emporium.
  3651 | D:3      | Noticed a phantom
  3676 | D:3      | Killed a phantom
  3677 | D:3      | Reached XP level 5. HP: 11/41 MP: 1/11
  3942 | D:4      | Learned a level 3 spell: Inner Flame
  3950 | D:4      | Found Maoronut's One-of-a-Kind Rings.
  3957 | D:4      | Identified a scroll of acquirement
  3957 | D:4      | Acquired a +0 cloak of poison resistance
  4044 | D:4      | Reached skill level 3 in Conjurations
  4165 | D:4      | You pick up a book of Blood and begin reading...
  4165 | D:4      | You add the spells Sublimation of Blood, Wereblood and
                  | Summon Hydra to your library.
  4178 | D:4      | Reached skill level 4 in Fire Magic
  4579 | D:4      | Reached skill level 2 in Fighting
  4814 | D:4      | HP: 9/41 [gnoll/+0 flail (10)]
  4818 | D:4      | HP: 4/41 [gnoll/+0 flail (5)]
  4823 | D:4      | Reached XP level 6. HP: 6/48 MP: 1/13
  5427 | D:5      | Entered Level 5 of the Dungeon
  5427 | D:5      | Found a runed translucent gate.
  5435 | D:5      | Found a runed translucent gate.
  5480 | D:5      | You pick up a book of Geomancy and begin reading...
  5480 | D:5      | You add the spells Sandblast and Stone Arrow to your
                  | library.
  5554 | D:5      | Found a runed translucent gate.
  5555 | D:5      | Noticed a yak
  5555 | D:5      | Noticed a wraith
  5556 | D:5      | Noticed RNPValinor's ghost (novice PaFi)
  5579 | D:5      | HP: 12/49 [black bear (5)]
  5579 | D:5      | HP: 3/49 [black bear (9)]
  5581 | D:5      | Reached skill level 3 in Spellcasting
  5581 | D:5      | Reached skill level 4 in Conjurations
  5933 | D:5      | Reached XP level 7. HP: 56/56 MP: 9/14
  6149 | D:5      | Reached skill level 5 in Fire Magic
  6877 | D:6      | Noticed Prince Ribbit
  6883 | D:6      | Killed Prince Ribbit
  6884 | D:6      | Reached skill level 3 in Fighting
  7330 | D:6      | Noticed Maggie
  7332 | D:6      | Reached skill level 5 in Conjurations
  7344 | D:6      | Killed Maggie
  7345 | D:6      | Reached skill level 6 in Fire Magic
  7345 | D:6      | Reached XP level 8. HP: 51/66 MP: 0/17
  7385 | D:6      | HP: 15/60 [wight/+0 hand axe (5)]
  7388 | D:5      | HP: 5/57 [wight/+0 hand axe (4)]
  7980 | D:6      | Reached skill level 4 in Spellcasting
  8331 | D:6      | Reached skill level 4 in Fighting
  8449 | D:6      | Found a staircase to the Ecumenical Temple.
  8470 | D:6      | Reached skill level 6 in Conjurations
  8680 | D:6      | Noticed Pikel
  8702 | D:6      | Killed Pikel
  8703 | D:6      | Reached skill level 7 in Fire Magic
  8703 | D:6      | Reached XP level 9. HP: 72/72 MP: 2/19
  9552 | D:7      | Learned a level 4 spell: Flame Wave
  9862 | D:7      | Reached skill level 7 in Conjurations
 10327 | D:7      | Reached skill level 5 in Fighting
 10619 | D:8      | Noticed a two-headed ogre
 10622 | D:8      | Reached skill level 5 in Spellcasting
 10628 | D:8      | Slain by a two-headed ogre

Vanquished Creatures
  Pikel (D:6)
  Maggie (D:6)
  Prince Ribbit (D:6)
  A steam dragon (D:6)
  A water moccasin (D:6)
  A black bear (D:5)
  2 ice beasts
  3 sky beasts
  A phantom (D:3)
  2 lemures (D:6)
  A kobold brigand (D:6)
  A bullfrog (D:6)
  A necrophage (D:7)
  2 scorpions
  6 wights
  3 killer bees (D:7)
  2 jellies (D:5)
  A lava snake (D:7)
  A hound (D:6)
  6 orc priests
  Terence (D:2)
  6 iguanas
  4 orc wizards
  4 gnolls (D:4)
  7 adders
  A shadow imp (D:6)
  A white imp (D:7)
  A worm (D:2)
  5 dart slugs
  19 orcs
  5 ball pythons
  4 endoplasms
  2 giant cockroaches
  5 goblins
  8 hobgoblins
  2 jackals (D:5)
  3 quokkas
  7 bats
  4 frilled lizards
  16 kobolds
  3 rats (D:1)
146 creatures vanquished.

Vanquished Creatures (others)
  372 foxfires
  2 plants (D:8)
374 creatures vanquished.

Grand Total: 520 creatures vanquished

Table legend:
 A = Non-vault XP
 B = Vault XP
 C = Vault XP percentage of total XP
 D = Non-vault monster count
 E = Vault monster count
 F = Vault count percentage of total count
                 A         B        C        D         E       F
            +---------+---------+-------+---------+---------+-------
      Total |    3445 |    1366 |  28.4 |     137 |       7 |   4.9
            +---------+---------+-------+---------+---------+-------
        D:1 |      41 |       0 |   0.0 |      24 |       0 |   0.0
        D:2 |      54 |      36 |  40.0 |      17 |       1 |   5.6
        D:3 |     150 |       0 |   0.0 |      13 |       0 |   0.0
        D:4 |     188 |       8 |   4.1 |      14 |       3 |  17.6
        D:5 |     656 |       0 |   0.0 |      19 |       0 |   0.0
        D:6 |     981 |    1322 |  57.4 |      29 |       3 |   9.4
        D:7 |    1251 |       0 |   0.0 |      20 |       0 |   0.0
        D:8 |     124 |       0 |   0.0 |       1 |       0 |   0.0
            +---------+---------+-------+---------+---------+-------

Illustrated notes

Table legend:
 A = Kills in this place as a percentage of kills in entire the game.
 B = Kills by you in this place as a percentage of kills by you in the entire game.
 C = Kills by friends in this place as a percentage of kills by friends in the entire game.
 D = Other kills in this place as a percentage of other kills in the entire game.
 E = Experience gained in this place as a percentage of experience gained in the entire game.
 F = Experience gained in this place divided by the number of levels of this place that you have seen.
                   A       B       C       D       E      F
               +-------+-------+-------+-------+-------+----------------------
         Total | 100.0 | 100.0 |   N/A |   N/A | 100.0 | 601.4
       Dungeon | 100.0 | 100.0 |   N/A |   N/A | 100.0 | 601.4
               +-------+-------+-------+-------+-------+----------------------

Table legend: (Time is in decaauts)
 A = Elapsed time spent in this place.
 B = Non-inter-level travel time spent in this place.
 C = Inter-level travel time spent in this place.
 D = Time resting spent in this place.
 E = Time spent auto-exploring this place.
 F = Levels seen in this place.
 G = Mean time per level.
                   A        B        C        D        E       F      G
               +--------+--------+--------+--------+--------+-----+--------+
         Total |  10651 |  10476 |    175 |    534 |   8803 |   8 | 1331.4 |
       Dungeon |  10651 |  10476 |    175 |    534 |   8803 |   8 | 1331.4 |
               +--------+--------+--------+--------+--------+-----+--------+

Top non-repeatable levels by time:
     D:5: 1909 daAuts
     D:6: 1875 daAuts
     D:1: 1553 daAuts
     D:4: 1499 daAuts
     D:7: 1401 daAuts
     D:2: 1279 daAuts
     D:3: 1104 daAuts
     D:8: 28 daAuts
